 Dungeon Crawl Stone Soup version 0.32-a0-913-g739538afd8 (webtiles) character file.

Game seed: 8204231001783136200

23 GeoRichter the Shield-Bearer (level 3, -3/29 HPs)
             Began as a Formicid Fighter on Apr 9, 2024.
             Slain by Terence
             ... wielding a +2 falchion of holy wrath
              (5 damage)
             ... on level 2 of the Dungeon.
             The game lasted 00:00:59 (591 turns).

GeoRichter the Shield-Bearer (Formicid Fighter)      Turns: 591, Time: 00:00:59

Health: -3/29      AC:  6    Str: 22    XL:     3   Next: 12%
Magic:  3/3        EV:  8    Int:  7    God:
Gold:   18         SH:  4    Dex: 13    Spells: 2/2 levels left

rFire   . . .        a - +0 war axe
rCold   . . .        c - +0 buckler
rNeg    . . .        b - +0 scale mail
rPois   .            (helmet unavailable)
rElec   .            (no cloak)
rCorr   .            (no gloves)
SInv    +            (no boots)
Will    .....        (no amulet) Stlth
                     (no ring)
HPRegen 0.24/turn    (no ring)
MPRegen 0.08/turn

%: no passive effects
@: mighty
A: permanent stasis, dig shafts and tunnels, antennae 3, four strong arms
a: Dig, Shaft Self


You were on level 2 of the Dungeon.
You visited 1 branch of the dungeon, and saw 2 of its levels.

You collected 18 gold pieces.

Inventory:

Hand Weapons
 a - a +0 war axe (weapon)
Armour
 b - a +0 scale mail (worn)
 c - a +0 buckler (worn)
Scrolls
 g - a scroll of revelation {unknown}
Potions
 f - a potion of attraction {unknown}
 h - a potion of lignification {unknown}


   Skills:
 - Level 3.2 Fighting
 * Level 3.3 Axes
 - Level 3.2 Armour
 - Level 4.0 Shields


You had 2 spell levels left.
You didn't know any spells.
Your spell library contained the following spells:

 Spells                   Type           Power      Damage    Failure   Level
 Cigotuvi's Dreadful Rot  Necr/Alch/Air  0%         N/A       92%         2
 Call Canine Familiar     Summ           0%         N/A       99%         3
 Sigil of Binding         Hex            0%         N/A       99%         3
 Dimensional Bullseye     Hex/Tloc       0%         N/A       100%        4
 Borgnjor's Revivificati  Necr           0%         N/A       100%        8


Dungeon Overview and Level Annotations

Branches:
Dungeon (2/15) Zot: 11392

Altars:

Annotations:
D:2 Terence


Innate Abilities, Weirdness & Mutations

You cannot be hasted, slowed, berserked, paralysed or teleported.
You can dig through walls and to a lower floor.
You have a pair of large antennae on your head. (SInv)
Your four strong arms can wield two-handed weapons with a shield.


Message History

No target in view!
No target in view!
Terence the Incautious comes into view.
He is wielding a +2 falchion of holy wrath and carrying a wand of flame.
Terence shouts!
A kobold comes into view. It is wielding a +0 club.
Terence says, "Did you write a will?
You should..."
Throw: 3 darts (poison)
Press: ? - help, Q - select action, (/) - cycle Shift-Dir - straight line, f - Terence
Aim: Terence, wielding a +2 falchion of holy wrath, wearing a +0 ring mail and carrying a wand of flame (58% to hit)
You throw a poisoned dart.
The poisoned dart barely misses Terence.
Throw: 2 darts (poison)
Press: ? - help, Q - select action, (/) - cycle Shift-Dir - straight line, f - you
Okay, then.
Okay, then.
Throw: 2 darts (poison)
Press: ? - help, Q - select action, (/) - cycle Shift-Dir - straight line, f/p - Terence
Aim: Terence, wielding a +2 falchion of holy wrath, wearing a +0 ring mail and carrying a wand of flame (58% to hit)
You throw a poisoned dart. The poisoned dart hits Terence.
Terence is poisoned.
Terence zaps a wand.
The puff of flame hits you!
Throw: dart (poison)
Press: ? - help, Q - select action, (/) - cycle Shift-Dir - straight line, f/p - Terence
Aim: Terence, wielding a +2 falchion of holy wrath, wearing a +0 ring mail and carrying a wand of flame (poisoned, 58% to hit)
You throw a poisoned dart. The poisoned dart hits Terence.
Terence looks even sicker.
The kobold shouts!
Terence shouts, "Now you die!"
Terence zaps a wand.
The puff of flame hits you!
* * * LOW HITPOINT WARNING * * *
Okay, then.
You see here a giant cockroach corpse.
You feel very mighty all of a sudden.
Terence zaps a wand.
The puff of flame hits you!
* * * LOW HITPOINT WARNING * * *
You closely miss Terence.
Terence is moderately wounded.
You closely miss the quokka. You block the quokka's attack.
Terence hits you with a +2 falchion of holy wrath.
* * * LOW HITPOINT WARNING * * *
The quokka bites you but does no damage.
You closely miss Terence.
Terence is heavily wounded.
You slash the quokka!
You kill the quokka!
Terence hits you with a +2 falchion of holy wrath.
You die...
Terence says, "That felt goooood."

#..)....#.##
..........#
.......†###
........# ........#
........####
#..........#
#......>.#†##
.........@..######
........#.@.K....#
#.#....#######.....#
#.>###. ,.(...# ..
.. ....... ..#
#.{..## ##. ....(.
...... ..K.##


You could see Terence (poisoned) and a kobold.

Vanquished Creatures
  An adder (D:2)
  A ball python (D:1)
  2 endoplasms
  A giant cockroach (D:2)
  A hobgoblin (D:1)
  A kobold (D:2)
  3 quokkas
  3 bats (D:1)
  A rat (D:1)
14 creatures vanquished.

Notes
Turn   | Place    | Note
-------+----------+-------------------------------------------
     0 | D:1      | GeoRichter the Formicid Fighter began the quest for the
                  | Orb.
     0 | D:1      | Reached XP level 1. HP: 18/18 MP: 1/1
   153 | D:1      | Got Gloorx Vloq's Vellum of Bones
   280 | D:1      | Reached XP level 2. HP: 24/24 MP: 2/2
   553 | D:2      | Reached XP level 3. HP: 26/29 MP: 3/3
   578 | D:2      | Noticed Terence
   591 | D:2      | Slain by Terence

Illustrated notes

Levels and vault maps discovered:
D:1:      spicycebolla_green_bress_n_ham, layout_basic, st_stairs_13
D:2:      layout_rooms, uniq_terence

Skill      XL: |  1  2 |
---------------+-------+-----
Axes           | 3 |  3.3
Fighting       | |  3.2
Armour         | |  3.2
Shields        | |  4.0

Action                     || total
---------------------------++-------
  Melee: War axe           ||    39
  Throw: Dart              ||     3
    Use: Potion            ||     1
 Armour: Scale mail        ||    29
  Dodge: Dodged            ||    21
  Block: Buckler           ||     9

Table legend: (Time is in decaauts)
 A = Elapsed time spent in this place.
 B = Non-inter-level travel time spent in this place.
 C = Inter-level travel time spent in this place.
 D = Time resting spent in this place.
 E = Time spent auto-exploring this place.
 F = Levels seen in this place.
 G = Mean time per level.
                   A        B        C        D        E       F      G
               +--------+--------+--------+--------+--------+-----+--------+
         Total |    606 |    568 |     38 |      0 |    431 |   2 |  303.0 |
       Dungeon |    606 |    568 |     38 |      0 |    431 |   2 |  303.0 |
               +--------+--------+--------+--------+--------+-----+--------+

Top non-repeatable levels by time:
     D:1: 529 daAuts
     D:2: 77 daAuts
